 Dungeon Crawl Stone Soup version 0.19.5 (webtiles) character file.

126 IcySystem the Sneak (level 4, 15/21 HPs)
             Began as a Spriggan Enchanter on May 23, 2017.
             Quit the game on level 3 of the Dungeon.
             The game lasted 00:15:45 (3822 turns).

IcySystem the Sneak (Spriggan Enchanter)            Turns: 3822, Time: 00:15:45

Health: 15/21      AC:  5    Str:  4    XL:     4   Next: 84%
Magic:  7/9        EV: 18    Int: 16    God:
Gold:   119        SH:  0    Dex: 17    Spells: 2 memorised, 4 levels left

rFire  . . .     SeeInvis +     l - -1 dagger (curse)
rCold  . . .     Gourm    .     b - +1 robe
rNeg   . . .     Faith    .     (shield restricted)
rPois  .         Spirit   .     (helmet restricted)
rElec  .         Reflect  .     q - +1 cloak
rCorr  .         Harm     .     (gloves unavailable)
MR     .....                    (boots unavailable)
Stlth  +++.......               (no amulet)
                                (no ring)
                                (no ring)

@: very quick
A: unfitting armour, see invisible, herbivore 3, speed 3, slow metabolism 2
a: no special abilities


You were on level 3 of the Dungeon.
You were not hungry.

You visited 1 branch of the dungeon, and saw 3 of its levels.

You collected 119 gold pieces.

Inventory:

Hand Weapons
 a - a +1 dagger
 f - a +0 dagger
 g - a +0 dagger
 i - a +0 dagger
 j - a +0 short sword
 l - a cursed -1 dagger (weapon)
 m - a +0 blowgun
 o - a +0 short sword
 r - a cursed -1 dagger
 u - a +0 dagger
Missiles
 p - 8 poisoned needles
Armour
 b - a +1 robe (worn)
 q - a +1 cloak (worn)
Scrolls
 e - a scroll of remove curse {unknown}
Potions
 h - 3 potions of curing {unknown}
 n - a potion of haste {unknown}
 s - a potion of magic
 t - 2 potions of invisibility {unknown}
Books
 c - a book of Maledictions

   Spells                             Type                      Level
   a - Corona                         Hexes                        1
   b - Ensorcelled Hibernation        Hexes/Ice                    2
   c - Confuse                        Hexes                        3
   d - Tukima's Dance                 Hexes                        3
   e - Dazzling Spray                 Conjuration/Hexes            3
Comestibles
 d - a bread ration
 k - a slice of pizza


   Skills:
 + Level 4.4 Short Blades
 - Level 3.0 Dodging
 + Level 5.9 Stealth
 - Level 2.6 Spellcasting
 - Level 3.6 Hexes


You had 4 spell levels left.
You knew the following spells:

 Your Spells              Type           Power        Failure   Level  Hunger
a - Corona                Hex            ##.....      6%          1    #......
b - Confuse               Hex            ##......     14%         3    ###....


Dungeon Overview and Level Annotations

Branches:
Dungeon (3/15)

Altars:

Annotations:
D:3 Gitz's ghost, amateur MiFi


Innate Abilities, Weirdness & Mutations

You are very small and have problems with some larger weapons.
You are too small for most types of armour.
You have supernaturally acute eyesight. (SInv)
You are a herbivore.
You cover ground extremely quickly.
You need consume almost no food.


Message History

Aim: an adder (chance to defeat MR: 52%)
The adder appears confused.
The adder bites you but does no damage.
You hit the adder.
The adder is lightly wounded.
You see here a quokka corpse.
You barely miss the adder.
The adder is lightly wounded.
The adder bites you.
You hit the adder but do no damage.
The adder is lightly wounded.
You catch the helpless adder completely off-guard!
You impale the adder!!
You kill the adder!
You enter the shallow water.
Moving in this stuff is going to be slow.
You see here an adder corpse.
The portal is a mimic!
The portal mimic snickers and vanishes in a puff of smoke!
You can't go down here!
Are you sure you want to abandon this character and quit the game? (Confirm with "yes".)

#.##.......... ...
#.>..........h ..#
#######.##....... #.#
#................ #.#
#...†.......#.... #.#
#...###.##(.#...$##†.
#..####÷# ........<##
#..#≈##.##..##.######
#..#@#......# #
#..#≈#..##.$##.
#..#≈#<.##.....
#..#≈##........
#..#≈##.###.###
####≈#......#
#≈##.####### #
#†#........#
#.#####..#..####.#


There were no monsters in sight!

Vanquished Creatures
  4 adders
  An ooze (D:1)
  3 worms
  2 dart slugs
  6 leopard geckos
  2 giant cockroaches (D:1)
  7 goblins
  9 hobgoblins
  6 jackals
  6 kobolds
  A quokka (D:3)
  A ball python (D:1)
  6 bats
  10 frilled lizards
  5 rats
69 creatures vanquished.

Notes
Turn   | Place    | Note
-------+----------+-------------------------------------------
     0 | D:1      | IcySystem the Spriggan Enchanter began the quest for the Orb.
     0 | D:1      | Reached XP level 1. HP: 9/9 MP: 5/5
   126 | D:1      | Reached XP level 2. HP: 13/13 MP: 6/6
   770 | D:1      | Reached XP level 3. HP: 11/16 MP: 8/8
   960 | D:1      | Learned a level 3 spell: Confuse
  1940 | D:2      | Reached skill level 5 in Stealth
  2272 | D:2      | Reached XP level 4. HP: 6/21 MP: 3/9
  3216 | D:3      | Noticed Gitz's ghost (amateur MiFi)
  3803 | D:3      | Found a glowing drain.
  3822 | D:3      | Quit the game

Skill      XL: |  1  2  3  4 |
---------------+-------------+-----
Short Blades   | 2 3 4 |  4.4
Stealth        | 5 |  5.9
Dodging        | |  3.0
Spellcasting   | |  2.6
Hexes          | |  3.6

Action                   |  1- 3 |  4- 6 || total
-------------------------+-------+-------++-------
Melee: Dagger            |   270 |   199 ||   469
 Cast: Confuse           |     4 |     9 ||    13
  Use: Scroll            |       |     6 ||     6
 Stab: Sleeping          |     9 |     7 ||    16
       Confused          |     3 |     5 ||     8
       Distracted        |     1 |       ||     1
  Eat: Bread ration      |       |     1 ||     1
Armor: Robe              |    31 |    30 ||    61
Dodge: Dodged            |   201 |   128 ||   329
